[Event "ICC tourney 2380 (15 3)"]
[Site "Internet Chess Club"]
[Date "2021.02.07"]
[Round "4"]
[White "garfield92037"]
[Black "smilingfloor"]
[Result "0-1"]
[ICCResult "White checkmated"]
[WhiteElo "1843"]
[BlackElo "1947"]
[Opening "Sicilian: Canal-Sokolsky attack, 3...Bd7"]
[ECO "B52"]
[NIC "SI.01"]
[Time "15:17:22"]
[PlyCount "96"]
[TimeControl "900+3"]

1. e4 c5 2. Nf3 d6 3. Bb5+ Bd7 4. Bxd7+ Qxd7 5. O-O Nc6 6. d4 cxd4 7. Nxd4
Nf6 8. Nc3 e6 9. Re1 Be7 10. Be3 O-O 11. f3 d5 12. exd5 exd5 13. Nce2 Rfe8
14. Ng3 Bc5 15. Qd2 Rxe3 16. Rxe3 Bxd4 17. Re1 Re8 18. Nf5 Rxe3 19. Nxe3
Bxb2 20. Kh1 d4 21. Nd1 Ba3 22. Qd3 Bb4 23. Re2 g6 24. Nf2 Nd5 25. Ng4 Kg7
26. Ne5 Nxe5 27. Rxe5 Bc3 28. Qe4 Nf6 29. Qe2 d3 30. cxd3 Bxe5 31. Qxe5
Qxd3 32. h3 Qd5 33. Qb8 a5 34. a4 Qd1+ 35. Kh2 Qxa4 36. Qxb7 Qb4 37. Qc6 a4
38. g4 Qb2+ 39. Kg3 a3 40. f4 a2 41. g5 a1=Q 42. gxf6+ Qxf6 43. Qg2 Qac3+
44. Kh2 Qxf4+ 45. Kh1 Qe1+ 46. Qg1 Qf3+ 47. Kh2 Qee2+ 48. Qf2 Qexf2# {
White checkmated } 0-1

[Event "ICC tourney 2380 (15 3)"]
[Site "Internet Chess Club"]
[Date "2021.02.07"]
[Round "4"]
[White "VincentT2008"]
[Black "Alien5"]
[Result "1-0"]
[ICCResult "Black checkmated"]
[WhiteElo "1861"]
[BlackElo "428"]
[Opening "Nimzo-Indian: classical, Noa variation, 5.cd ed"]
[ECO "E35"]
[NIC "NI.23"]
[Time "15:17:16"]
[PlyCount "127"]
[TimeControl "900+3"]

1. d4 Nf6 2. c4 e6 3. Nc3 Bb4 4. Qc2 d5 5. cxd5 exd5 6. a3 Ba5 7. Bg5 O-O
8. e3 Nbd7 9. b4 Bb6 10. Nxd5 h6 11. Nxf6+ Nxf6 12. Bxf6 Qxf6 13. Nf3 Bf5
14. Bd3 Bxd3 15. Qxd3 Rad8 16. O-O c6 17. Rac1 Bc7 18. b5 Rb8 19. Qc3 Rfc8
20. bxc6 bxc6 21. Rb1 Rxb1 22. Rxb1 Rb8 23. Rc1 Rb6 24. a4 g5 25. h3 h5 26.
Qc5 g4 27. hxg4 hxg4 28. Qg5+ Qg6 29. Qxg6+ fxg6 30. Ng5 Bd6 31. g3 a5 32.
Ne4 Ba3 33. Rc3 Rb1+ 34. Kg2 Bb4 35. Rxc6 Kg7 36. Rc7+ Kh6 37. Nf6 Kg5 38.
Ng8 Ra1 39. Rb7 Kf5 40. Ne7+ Bxe7 41. Rxe7 Rxa4 42. d5 Kf6 43. Re6+ Kf7 44.
Ra6 Ra1 45. e4 a4 46. e5 Re1 47. e6+ Ke7 48. Rxa4 Kd6 49. Rd4 Re2 50. Rxg4
Kxd5 51. Rxg6 Kd6 52. Kf3 Re1 53. Kg4 Rf1 54. f4 Ke7 55. f5 Re1 56. Kg5 Re3
57. g4 Rg3 58. Rg7+ Kf8 59. Kf6 Re3 60. e7+ Rxe7 61. Rxe7 Kg8 62. Ra7 Kh8
63. Kg6 Kg8 64. Ra8# { Black checkmated } 1-0

[Event "ICC tourney 2380 (15 3)"]
[Site "Internet Chess Club"]
[Date "2021.02.07"]
[Round "4"]
[White "Slothychess"]
[Black "clair"]
[Result "1-0"]
[ICCResult "Black checkmated"]
[WhiteElo "2048"]
[BlackElo "1718"]
[Opening "Robatsch defense"]
[ECO "B06"]
[NIC "KF.05"]
[Time "15:17:48"]
[PlyCount "89"]
[TimeControl "900+3"]

1. e4 g6 2. d4 Bg7 3. Nc3 e6 4. Be3 Ne7 5. Qd2 h6 6. Nf3 d6 7. Bd3 Nd7 8.
a4 a6 9. a5 b6 10. axb6 cxb6 11. Qe2 b5 12. Nxb5 Bb7 13. Nxd6+ Kf8 14. Nxb7
Qb6 15. Na5 Qxb2 16. O-O Qb6 17. Rfb1 Qd8 18. Nb3 a5 19. Bb5 Kg8 20. Bxd7
Qxd7 21. Rxa5 Kh7 22. Qb5 Qc7 23. Qc5 Nc6 24. Rxa8 Rxa8 25. d5 exd5 26.
exd5 Ra2 27. Qxc6 Qe7 28. g3 Qe4 29. Nfd2 Qxc2 30. Qxc2 Rxc2 31. d6 Bf6 32.
Ne4 Bd8 33. Nbc5 f5 34. Rb8 fxe4 35. Rxd8 Ra2 36. d7 Ra1+ 37. Kg2 g5 38.
Rh8+ Kxh8 39. d8=Q+ Kh7 40. Qe7+ Kg6 41. g4 Rg1+ 42. Kxg1 h5 43. Bxg5 h4
44. Ne6 h3 45. Qg7# { Black checkmated } 1-0

[Event "ICC tourney 2380 (15 3)"]
[Site "Internet Chess Club"]
[Date "2021.02.07"]
[Round "4"]
[White "MrNormalName"]
[Black "Goran21"]
[Result "1-0"]
[ICCResult "Black resigns"]
[WhiteElo "2189"]
[BlackElo "2190"]
[Opening "King's Indian: Gligoric-Taimanov system"]
[ECO "E92"]
[NIC "KI.18"]
[Time "15:18:12"]
[PlyCount "141"]
[TimeControl "900+3"]

1. d4 Nf6 2. c4 g6 3. Nc3 Bg7 4. e4 d6 5. Nf3 O-O 6. Be2 e5 7. Be3 exd4 8.
Nxd4 Re8 9. f3 Nc6 10. O-O Nh5 11. Qd2 Nxd4 12. Bxd4 Nf4 13. Rfd1 Bxd4+ 14.
Qxd4 Qg5 15. Bf1 Be6 16. Nd5 Bxd5 17. cxd5 f5 18. Rac1 Re7 19. Re1 Rae8 20.
Qxa7 fxe4 21. fxe4 Rxe4 22. Rxe4 Rxe4 23. Qb8+ Kg7 24. Rxc7+ Kh6 25. Qf8+
Kh5 26. Rxh7+ Kg4 27. Qc8+ Qf5 28. Qxf5+ gxf5 29. g3 Ng6 30. Bh3+ Kg5 31.
Rxb7 Re2 32. a4 Ne5 33. Rb3 f4 34. gxf4+ Kxf4 35. Bg2 Re1+ 36. Kf2 Ra1 37.
Rb4+ Kf5 38. Kg3 Kf6 39. b3 Nd3 40. Rb6 Ke5 41. h4 Nf4 42. Rb8 Ne2+ 43. Kf2
Nd4 44. Re8+ Kf6 45. h5 Ra2+ 46. Kg3 Nf5+ 47. Kh3 Rb2 48. Rb8 Kg5 49. Bf3
Kf4 50. Bg4 Nh6 51. Rf8+ Kg5 52. Bd1 Rd2 53. Bf3 Rd3 54. b4 Rd4 55. Rb8 Rd3
56. Kg2 Nf5 57. Be4 Rd2+ 58. Kf3 Nh4+ 59. Ke3 Ra2 60. a5 Kxh5 61. Rh8+ Kg5
62. Rg8+ Kf6 63. Rg4 Nf5+ 64. Bxf5 Kxf5 65. Rh4 Ra4 66. Kd3 Ra1 67. Kc4 Ke5
68. Rh5+ Ke4 69. Kb5 Rh1 70. Rxh1 Kxd5 71. a6 { Black resigns } 1-0

[Event "ICC tourney 2380 (15 3)"]
[Site "Internet Chess Club"]
[Date "2021.02.07"]
[Round "4"]
[White "mzninja66"]
[Black "awakeflood"]
[Result "1-0"]
[ICCResult "Black checkmated"]
[WhiteElo "2184"]
[BlackElo "1798"]
[Opening "French: Tarrasch, closed variation, main line"]
[ECO "C06"]
[NIC "FR.17"]
[Time "15:17:22"]
[PlyCount "97"]
[TimeControl "900+3"]

1. e4 e6 2. d4 d5 3. Nd2 Nf6 4. e5 Nfd7 5. c3 c5 6. Bd3 Nc6 7. Ne2 cxd4 8.
cxd4 f6 9. exf6 Nxf6 10. O-O Bd6 11. Nf3 Qc7 12. Nc3 O-O 13. Nb5 Qb8 14.
Nxd6 Qxd6 15. h3 Bd7 16. Re1 Rae8 17. Bg5 e5 18. dxe5 Nxe5 19. Nxe5 Rxe5
20. Bh4 Rfe8 21. Rxe5 Qxe5 22. Qb3 Bc6 23. Qc2 h6 24. Bg3 Qe7 25. a3 Kh8
26. b4 Qd7 27. a4 a6 28. Qb3 Ne4 29. b5 axb5 30. axb5 Nxg3 31. bxc6 Qxc6
32. fxg3 Qf6 33. Qd1 g6 34. Kh2 Re3 35. Ra8+ Kg7 36. Bb1 Qe5 37. Qg4 Qd6
38. Bxg6 Qxg6 39. Rg8+ Kxg8 40. Qxg6+ Kh8 41. Qxh6+ Kg8 42. Qxe3 d4 43.
Qxd4 b5 44. h4 b4 45. Qxb4 Kh8 46. Qe7 Kg8 47. h5 Kh8 48. h6 Kg8 49. Qg7# {
Black checkmated } 1-0

[Event "ICC tourney 2380 (15 3)"]
[Site "Internet Chess Club"]
[Date "2021.02.07"]
[Round "4"]
[White "copingmechanism"]
[Black "DukeArundell"]
[Result "1-0"]
[ICCResult "Black resigns"]
[WhiteElo "2064"]
[BlackElo "1885"]
[Opening "KP: Nimzovich defense"]
[ECO "B00"]
[NIC "VO.05"]
[Time "15:17:27"]
[PlyCount "53"]
[TimeControl "900+3"]

1. e4 Nc6 2. Nf3 d6 3. d4 Nf6 4. Nc3 Bg4 5. Be3 e6 6. Bb5 a6 7. Be2 Be7 8.
O-O O-O 9. a4 Bh5 10. d5 exd5 11. exd5 Nb4 12. a5 Bg6 13. Rc1 c6 14. Bb6
Qd7 15. dxc6 bxc6 16. Nh4 Be4 17. Nxe4 Nxe4 18. Bf3 Ng5 19. c4 Ne6 20. Nf5
Bg5 21. Rc3 Bf4 22. Rb3 Ng5 23. Bg4 Kh8 24. g3 Be5 25. f4 h5 26. fxe5 hxg4
27. Qxg4 { Black resigns } 1-0

[Event "ICC tourney 2380 (15 3)"]
[Site "Internet Chess Club"]
[Date "2021.02.07"]
[Round "4"]
[White "organic"]
[Black "hpawnbomb"]
[Result "1-0"]
[ICCResult "Black resigns"]
[WhiteElo "2098"]
[BlackElo "2188"]
[Opening "King's Indian: accelerated Averbakh system"]
[ECO "E70"]
[NIC "KI.31"]
[Time "15:17:16"]
[PlyCount "61"]
[TimeControl "900+3"]

1. d4 Nf6 2. c4 g6 3. Nc3 Bg7 4. e4 d6 5. Bg5 h6 6. Be3 O-O 7. f3 e5 8. d5
a5 9. Qd2 Kh7 10. Bd3 Na6 11. g4 Ne8 12. Nge2 Nc5 13. Bc2 b6 14. O-O-O Rh8
15. h4 Kg8 16. Ng3 f6 17. g5 fxg5 18. hxg5 h5 19. Nce2 Ba6 20. f4 exf4 21.
Nxf4 Qxg5 22. Nfxh5 Qe5 23. Nxg7 Rxh1 24. Rxh1 Nxg7 25. Qh2 Bxc4 26. Qh8+
Kf7 27. Qxa8 Qxg3 28. Bd4 Nxe4 29. Bxg7 Bxd5 30. Qxd5+ Kxg7 31. Qxe4 {
Black resigns } 1-0

[Event "ICC tourney 2380 (15 3)"]
[Site "Internet Chess Club"]
[Date "2021.02.07"]
[Round "4"]
[White "harkerchess"]
[Black "MChessy"]
[Result "1-0"]
[ICCResult "Black resigns"]
[WhiteElo "1934"]
[BlackElo "1704"]
[Opening "Trompowsky attack (Ruth, Opocenský opening)"]
[ECO "A45"]
[NIC "QP.07"]
[Time "15:17:24"]
[PlyCount "61"]
[TimeControl "900+3"]

1. d4 Nf6 2. Bg5 d5 3. Bxf6 gxf6 4. e3 Nc6 5. Bb5 Qd6 6. c3 Rg8 7. Qf3 Bd7
8. h3 O-O-O 9. Nd2 Kb8 10. Qh5 Rxg2 11. Qxh7 Rg7 12. Qh5 Nxd4 13. exd4 Bxb5
14. O-O-O Qa6 15. Kb1 Bd3+ 16. Ka1 Rg5 17. Qh4 Bg7 18. Ngf3 Rg6 19. Rde1 e5
20. Nxe5 Rh6 21. Nd7+ Kc8 22. Qg4 f5 23. Qxg7 Bc2 24. Nc5 Qb6 25. Qxf7 Rc6
26. Re6 Rxe6 27. Qxe6+ Qxe6 28. Nxe6 Re8 29. Nf4 Rg8 30. b3 Rg6 31. Nxg6 {
Black resigns } 1-0

[Event "ICC tourney 2380 (15 3)"]
[Site "Internet Chess Club"]
[Date "2021.02.07"]
[Round "4"]
[White "fairlawn70"]
[Black "SuperWJ"]
[Result "0-1"]
[ICCResult "White checkmated"]
[WhiteElo "963"]
[BlackElo "1959"]
[Opening "Sicilian: Smith-Morra gambit"]
[ECO "B21"]
[NIC "SI.48"]
[Time "15:17:18"]
[PlyCount "164"]
[TimeControl "900+3"]

1. e4 c5 2. d4 cxd4 3. Qxd4 Nc6 4. Qd1 Nf6 5. Nc3 e6 6. a3 d5 7. exd5 exd5
8. Nf3 d4 9. Ne2 Bc5 10. Bg5 Bg4 11. Nf4 h6 12. Bxf6 Qxf6 13. Qe2+ Ne7 14.
Nd5 Qc6 15. Nxe7 Bxe7 16. O-O-O Bxf3 17. Qxf3 Qxf3 18. gxf3 O-O-O 19. Bh3+
Kb8 20. Kb1 Bh4 21. Rd2 Rhe8 22. Rhd1 Bf6 23. f4 Re4 24. f5 Rh4 25. Rd3 Kc7
26. Rg1 b6 27. Rg4 Rxg4 28. Bxg4 Re8 29. Bh5 Re7 30. c3 dxc3 31. bxc3 Re5
32. Bxf7 Rxf5 33. f3 Rc5 34. Kb2 Rb5+ 35. Ka2 Rc5 36. Kb2 Rb5+ 37. Kc2 Ra5
38. c4 Be7 39. Kb2 Bd6 40. h3 Rf5 41. Be6 Re5 42. Kb3 Rxe6 43. Kc2 g5 44.
a4 a5 45. Rd4 Bf4 46. Rd3 Re3 47. Rxe3 Bxe3 48. Kd3 Bf4 49. Ke4 Kd6 50. Kf5
h5 51. h4 gxh4 52. Kxf4 Kc5 53. Kg5 h3 54. f4 h2 55. f5 h1=Q 56. f6 Qf1 57.
Kg6 Kxc4 58. f7 h4 59. Kg7 Kb4 60. f8=Q+ Qxf8+ 61. Kxf8 Kxa4 62. Kf7 h3 63.
Kf6 h2 64. Kf5 h1=Q 65. Kf4 Kb3 66. Ke5 Kb4 67. Ke6 Kb5 68. Kf6 a4 69. Ke7
a3 70. Kd6 a2 71. Ke6 a1=Q 72. Ke7 Qad1 73. Ke6 Kc4 74. Ke7 b5 75. Ke6 b4
76. Ke7 b3 77. Ke6 b2 78. Ke7 b1=Q 79. Ke6 Qbe4+ 80. Kf6 Qdf3+ 81. Kg7
Qhg2+ 82. Kh8 Qh4# { White checkmated } 0-1

[Event "ICC tourney 2380 (15 3)"]
[Site "Internet Chess Club"]
[Date "2021.02.07"]
[Round "4"]
[White "Roger436"]
[Black "ebowen31"]
[Result "0-1"]
[ICCResult "White checkmated"]
[WhiteElo "1751"]
[BlackElo "2135"]
[Opening "Sicilian: Najdorf"]
[ECO "B90"]
[NIC "SI.14"]
[Time "15:17:15"]
[PlyCount "136"]
[TimeControl "900+3"]

1. e4 c5 2. Nf3 d6 3. d4 cxd4 4. Nxd4 Nf6 5. Nc3 a6 6. f3 e5 7. Nb3 Be7 8.
Be3 O-O 9. Qd2 Be6 10. O-O-O Nbd7 11. g4 b5 12. g5 b4 13. Nd5 Nxd5 14. exd5
Bf5 15. Rg1 a5 16. Kb1 a4 17. Nc1 b3 18. Bd3 bxc2+ 19. Bxc2 Bxc2+ 20. Qxc2
Qb8 21. Rd3 Rc8 22. Rc3 Rxc3 23. Qxc3 Qb5 24. Rd1 Rb8 25. h4 Bd8 26. Qc2
Bb6 27. Bxb6 Nxb6 28. b3 axb3 29. Nxb3 Nc4 30. Qc3 Rc8 31. Qd3 Qb4 32. Rc1
Kf8 33. h5 g6 34. hxg6 hxg6 35. Rh1 Ke7 36. Rc1 Qa4 37. f4 Ra8 38. Rc2 Na3+
39. Kc1 Nxc2 40. Qxc2 Qxf4+ 41. Kb2 Qa4 42. Qc7+ Kf8 43. Qxd6+ Kg8 44. a3
Qf4 45. Qc5 Qxg5 46. d6 Qd8 47. Qd5 Ra6 48. d7 Ra7 49. Qxe5 Rxd7 50. a4 Rd5
51. Qe3 Qf6+ 52. Ka2 Rd4 53. Qe8+ Kg7 54. Qe3 Rxa4+ 55. Kb1 Rb4 56. Kc2
Qc6+ 57. Kb2 Qf6+ 58. Kc2 Qf5+ 59. Kb2 Qe4 60. Qc3+ Kh7 61. Ka3 Ra4+ 62.
Kb2 Rc4 63. Qh3+ Kg7 64. Nd2 Qd4+ 65. Ka3 Qxd2 66. Qh4 Qd3+ 67. Kb2 Rc2+
68. Kb1 Qd1# { White checkmated } 0-1

[Event "ICC tourney 2380 (15 3)"]
[Site "Internet Chess Club"]
[Date "2021.02.07"]
[Round "5"]
[White "Alien5"]
[Black "garfield92037"]
[Result "0-1"]
[ICCResult "White checkmated"]
[WhiteElo "428"]
[BlackElo "1843"]
[Opening "QGD: Chigorin defense"]
[ECO "D07"]
[NIC "QP.08"]
[Time "16:35:23"]
[PlyCount "62"]
[TimeControl "900+3"]

1. d4 d5 2. c4 Nc6 3. Nc3 dxc4 4. e4 Qxd4 5. Qxd4 Nxd4 6. Rb1 Be6 7. Be3
Nc2+ 8. Kd1 Nxe3+ 9. fxe3 O-O-O+ 10. Ke1 g6 11. Nf3 Bh6 12. Kf2 Nf6 13. e5
Ng4+ 14. Ke1 Nxe3 15. Ke2 Bf5 16. Rc1 Ng4 17. h3 Bd3+ 18. Ke1 Bxf1 19. Rxf1
Bxc1 20. hxg4 Bxb2 21. Nb5 a6 22. Nbd4 Bxd4 23. Nxd4 Rxd4 24. Rxf7 Re4+ 25.
Kf2 Rxe5 26. Kf3 c3 27. Kf4 c2 28. Kxe5 c1=Q 29. Ke6 Qe3+ 30. Kd5 Qd3+ 31.
Ke6 Qe4# { White checkmated } 0-1

[Event "ICC tourney 2380 (15 3)"]
[Site "Internet Chess Club"]
[Date "2021.02.07"]
[Round "5"]
[White "MChessy"]
[Black "anirudha-menon"]
[Result "1-0"]
[ICCResult "Black resigns"]
[WhiteElo "1704"]
[BlackElo "1769"]
[Opening "Sicilian: Najdorf"]
[ECO "B90"]
[NIC "SI.14"]
[Time "16:35:18"]
[PlyCount "58"]
[TimeControl "900+3"]

1. e4 c5 2. Nf3 d6 3. d4 cxd4 4. Nxd4 Nf6 5. Nc3 a6 6. a4 e6 7. Be2 b6 8.
O-O Bb7 9. Bf3 Be7 10. e5 Nd5 11. Nxd5 Bxd5 12. Bxd5 exd5 13. Nf5 O-O 14.
Qxd5 Ra7 15. exd6 Bf6 16. Ra3 g6 17. Nh6+ Kh8 18. Rf3 Kg7 19. Ng4 Be7 20.
Bh6+ Kg8 21. dxe7 Qxe7 22. Nf6+ Kh8 23. Bxf8 Qxf8 24. Re1 Re7 25. Rfe3 Rxe3
26. Rxe3 Kg7 27. Qe5 Nc6 28. Qc3 Kh6 29. Rh3+ Kg5 { Black resigns } 1-0

[Event "ICC tourney 2380 (15 3)"]
[Site "Internet Chess Club"]
[Date "2021.02.07"]
[Round "5"]
[White "smilingfloor"]
[Black "sujashankar"]
[Result "1-0"]
[ICCResult "Black checkmated"]
[WhiteElo "1947"]
[BlackElo "1749"]
[Opening "Sicilian: dragon, Yugoslav attack, 7...O-O"]
[ECO "B76"]
[NIC "SI.17"]
[Time "16:35:17"]
[PlyCount "43"]
[TimeControl "900+3"]

1. e4 c5 2. Nf3 d6 3. d4 cxd4 4. Nxd4 Nf6 5. Nc3 g6 6. f3 Bg7 7. Be3 O-O 8.
Qd2 Nc6 9. g4 Nxd4 10. Bxd4 Be6 11. O-O-O a6 12. h4 b5 13. Kb1 b4 14. Na4
Rb8 15. h5 Bd7 16. hxg6 fxg6 17. Bc4+ Kh8 18. Qh2 h6 19. g5 Bxa4 20. gxh6
e5 21. hxg7+ Kxg7 22. Qh6# { Black checkmated } 1-0

[Event "ICC tourney 2380 (15 3)"]
[Site "Internet Chess Club"]
[Date "2021.02.07"]
[Round "5"]
[White "Aaronraj"]
[Black "vrishabh"]
[Result "0-1"]
[ICCResult "White checkmated"]
[WhiteElo "419"]
[BlackElo "395"]
[Opening "Sicilian"]
[ECO "B50"]
[NIC "SI.01"]
[Time "16:35:47"]
[PlyCount "64"]
[TimeControl "900+3"]

1. e4 c5 2. Nf3 d6 3. Bc4 Be6 4. Bxe6 fxe6 5. d3 Nf6 6. Bg5 g6 7. Bxf6 exf6
8. Nc3 Bg7 9. O-O O-O 10. Nb5 f5 11. exf5 exf5 12. Ng5 Qe7 13. Re1 Be5 14.
f4 h6 15. fxe5 hxg5 16. exd6 Qd7 17. c4 a6 18. Nc3 Qxd6 19. Re2 Nc6 20. Qd2
Nd4 21. Re3 g4 22. g3 Nf3+ 23. Rxf3 gxf3 24. Qe3 Rae8 25. Qxf3 Qd4+ 26. Kg2
Re3 27. Qf2 f4 28. Nd5 fxg3 29. Qg1 Re2+ 30. Kxg3 Qe5+ 31. Kh3 Rf3+ 32. Kh4
Qh5# { White checkmated } 0-1

[Event "ICC tourney 2380 (15 3)"]
[Site "Internet Chess Club"]
[Date "2021.02.07"]
[Round "5"]
[White "Kolten112358"]
[Black "MillzGambit"]
[Result "0-1"]
[ICCResult "White checkmated"]
[WhiteElo "1215"]
[BlackElo "2026"]
[Opening "Queen's pawn game"]
[ECO "A50"]
[NIC "QP.07"]
[Time "16:35:23"]
[PlyCount "110"]
[TimeControl "900+3"]

1. d4 Nf6 2. c4 c6 3. Nc3 d5 4. e3 Bf5 5. cxd5 cxd5 6. Qb3 Qd7 7. Bb5 Nc6
8. Nf3 e6 9. Ne5 Qc7 10. Qa4 Rc8 11. O-O Bd6 12. f4 Bxe5 13. fxe5 Nd7 14.
Qd1 a6 15. Be2 Nb6 16. b3 Nxe5 17. Nxd5 Nxd5 18. dxe5 Qxe5 19. Ba3 f6 20.
Qd2 Qxe3+ 21. Qxe3 Nxe3 22. Rfc1 Kf7 23. Rxc8 Rxc8 24. Rc1 Rxc1+ 25. Bxc1
Nd5 26. Bf3 Ke7 27. Kf2 b5 28. g4 Bb1 29. a3 Kd6 30. h4 a5 31. g5 Bc2 32.
b4 axb4 33. axb4 Bd3 34. Bd2 Ke5 35. Bxd5 exd5 36. Ke3 Be4 37. gxf6 d4+ 38.
Ke2 gxf6 39. Kf2 Bc2 40. Kf3 h5 41. Ke2 Ke4 42. Bh6 f5 43. Kf2 Bd1 44. Ke1
Bg4 45. Kd2 f4 46. Bxf4 Kxf4 47. Kd3 Ke5 48. Kd2 Ke4 49. Kc2 Ke3 50. Kc1 d3
51. Kb2 d2 52. Kc3 d1=Q 53. Kb2 Qd2+ 54. Kb3 Be6+ 55. Ka3 Qa2# { White
checkmated } 0-1

[Event "ICC tourney 2380 (15 3)"]
[Site "Internet Chess Club"]
[Date "2021.02.07"]
[Round "5"]
[White "clair"]
[Black "fairlawn70"]
[Result "1-0"]
[ICCResult "Black checkmated"]
[WhiteElo "1718"]
[BlackElo "963"]
[Opening "Queen's pawn, Mason variation"]
[ECO "D00"]
[NIC "QP.08"]
[Time "16:36:12"]
[PlyCount "129"]
[TimeControl "900+3"]

1. d4 d5 2. Bf4 Nc6 3. e3 Nf6 4. Nd2 Bf5 5. c4 Nb4 6. Rc1 Nc2+ 7. Rxc2 Bxc2
8. Qxc2 e6 9. h3 Bd6 10. Bxd6 Qxd6 11. cxd5 exd5 12. Ngf3 O-O 13. Bd3 g6
14. O-O Rac8 15. Nb3 b6 16. Rc1 Nd7 17. Ba6 c5 18. Bxc8 c4 19. Bxd7 Qxd7
20. Ne5 Qd6 21. Nd2 b5 22. b3 f6 23. Nexc4 bxc4 24. bxc4 Rc8 25. c5 Qe6 26.
Qb3 Kg7 27. Qb7+ Kh6 28. c6 a5 29. c7 Qd7 30. Rc5 a4 31. Rxd5 Qxc7 32. Qxc7
Rxc7 33. Ra5 Rc2 34. Ne4 f5 35. Nc5 Rxa2 36. Rxa4 Rc2 37. g4 Rc1+ 38. Kg2
Rd1 39. Ra7 f4 40. Kf3 fxe3 41. fxe3 Rf1+ 42. Kg2 Re1 43. e4 Re2+ 44. Kf3
Rd2 45. Ke3 Rc2 46. h4 g5 47. Ra6+ Kg7 48. hxg5 Rc3+ 49. Kf4 Rc1 50. e5
Rf1+ 51. Ke4 Re1+ 52. Kd5 Kf8 53. Ra8+ Ke7 54. Ra7+ Kf8 55. Rxh7 Rg1 56. e6
Rxg4 57. e7+ Ke8 58. Ke6 Re4+ 59. Kd5 Re5+ 60. Kc4 Rxg5 61. Ne6 Rg6 62. d5
Rg5 63. Kc5 Rg6 64. Nc7+ Kd7 65. e8=Q# { Black checkmated } 1-0

[Event "ICC tourney 2380 (15 3)"]
[Site "Internet Chess Club"]
[Date "2021.02.07"]
[Round "5"]
[White "SuperWJ"]
[Black "VincentT2008"]
[Result "0-1"]
[ICCResult "White resigns"]
[WhiteElo "1959"]
[BlackElo "1861"]
[Opening "King's Indian: Four pawns attack, dynamic line"]
[ECO "E76"]
[NIC "KI.58"]
[Time "16:36:07"]
[PlyCount "56"]
[TimeControl "900+3"]

1. d4 Nf6 2. c4 g6 3. Nc3 Bg7 4. e4 d6 5. f4 O-O 6. Nf3 c5 7. d5 e6 8. dxe6
Bxe6 9. Be2 Re8 10. O-O Nc6 11. Be3 Ng4 12. Bd2 f5 13. Ng5 Bd4+ 14. Kh1
Nf2+ 15. Rxf2 Bxf2 16. Nxe6 Rxe6 17. exf5 gxf5 18. Bf3 Rh6 19. Bd5+ Kf8 20.
Qf3 Qh4 21. h3 Nd4 22. Qd3 Rg6 23. Ne2 Nxe2 24. Qxe2 Re8 25. Qf1 b6 26. Rd1
Re7 27. Bc3 Qxf4 28. Rd2 Re1 { White resigns } 0-1

[Event "ICC tourney 2380 (15 3)"]
[Site "Internet Chess Club"]
[Date "2021.02.07"]
[Round "5"]
[White "Goran21"]
[Black "copingmechanism"]
[Result "1-0"]
[ICCResult "Black checkmated"]
[WhiteElo "2190"]
[BlackElo "2064"]
[Opening "Sicilian: Hungarian variation"]
[ECO "B27"]
[NIC "SI.43"]
[Time "16:35:20"]
[PlyCount "147"]
[TimeControl "900+3"]

1. e4 c5 2. Nf3 g6 3. Bc4 e6 4. d4 cxd4 5. Qxd4 f6 6. O-O Nc6 7. Qd1 Nge7
8. Nc3 a6 9. a4 Bg7 10. Bf4 O-O 11. Bd6 Rf7 12. Re1 Qb6 13. Qd2 Ne5 14.
Nxe5 fxe5 15. Red1 Nc6 16. b4 Nd4 17. Bc5 Qc7 18. Bd3 b6 19. Bxd4 exd4 20.
Ne2 Bb7 21. g3 Raf8 22. f4 e5 23. Rf1 Bh6 24. c3 exf4 25. cxd4 Kg7 26. gxf4
Bxf4 27. Nxf4 Rxf4 28. Rxf4 Rxf4 29. Rf1 Rg4+ 30. Kh1 d5 31. Qf2 Qe7 32. e5
Bc8 33. Be2 Re4 34. Bd3 Rg4 35. b5 axb5 36. Bxb5 Bf5 37. Be2 Be4+ 38. Bf3
Rf4 39. Qg3 Bxf3+ 40. Rxf3 Rxd4 41. Rf6 Qc5 42. Rf1 Re4 43. Qf3 Qe7 44. e6
Rxe6 45. Qxd5 Re5 46. Qd4 Qb7+ 47. Kg1 Qe7 48. Qxb6 Re2 49. Qd4+ Kg8 50.
Qc4+ Kg7 51. Qd4+ Kg8 52. Qf4 Re4 53. Qb8+ Kg7 54. Qb2+ Kg8 55. Qb3+ Kg7
56. Qc3+ Kg8 57. Qc8+ Kg7 58. Qc3+ Kg8 59. Qf3 Qg5+ 60. Kh1 Qe7 61. a5 Re3
62. Qd5+ Kg7 63. a6 Re2 64. Qd4+ Kh6 65. Qf4+ g5 66. Qf3 Qe5 67. Qf8+ Kh5
68. Qf7+ Kh4 69. Qxh7+ Kg4 70. Qd7+ Kh4 71. Qh7+ Kg4 72. Rg1+ Kf3 73. Qh3+
Kf2 74. Rf1# { Black checkmated } 1-0

[Event "ICC tourney 2380 (15 3)"]
[Site "Internet Chess Club"]
[Date "2021.02.07"]
[Round "5"]
[White "ebowen31"]
[Black "BreatheChessAls"]
[Result "0-1"]
[ICCResult "White forfeits on time"]
[WhiteElo "2135"]
[BlackElo "1941"]
[Opening "Sicilian: Labourdonnais-Löwenthal (Kalashnikov) variation"]
[ECO "B32"]
[NIC "SI.32"]
[Time "16:35:18"]
[PlyCount "64"]
[TimeControl "900+3"]

1. e4 c5 2. Nf3 Nc6 3. d4 cxd4 4. Nxd4 e5 5. Nb5 d6 6. c4 Be7 7. Be2 f5 8.
exf5 Bxf5 9. O-O Nf6 10. N1c3 a6 11. Na3 Be6 12. Be3 O-O 13. Nd5 Bxd5 14.
cxd5 Nb8 15. Qb3 b5 16. Nc2 Qe8 17. Rac1 Qf7 18. Rfd1 Ne4 19. f3 Nf6 20.
Nb4 Bd8 21. Rc8 Bc7 22. Rxf8+ Qxf8 23. a4 bxa4 24. Qxa4 Qd8 25. Nc6 Nxc6
26. dxc6 Qb8 27. f4 Qxb2 28. Bc4+ d5 29. Bxd5+ Nxd5 30. Qc4 Qc3 31. Qxd5+
Kh8 32. Bd2 Qc2 { White forfeits on time } 0-1

[Event "ICC tourney 2380 (15 3)"]
[Site "Internet Chess Club"]
[Date "2021.02.07"]
[Round "5"]
[White "guineapig25"]
[Black "mzninja66"]
[Result "0-1"]
[ICCResult "White checkmated"]
[WhiteElo "2029"]
[BlackElo "2184"]
[Opening "Sicilian: Scheveningen (Paulsen), classical variation"]
[ECO "B84"]
[NIC "SI.23"]
[Time "16:35:35"]
[PlyCount "88"]
[TimeControl "900+3"]

1. e4 c5 2. Nf3 d6 3. d4 cxd4 4. Nxd4 Nf6 5. Nc3 a6 6. Be2 e6 7. O-O Qc7 8.
a4 b6 9. f4 Be7 10. Bf3 Bb7 11. Be3 O-O 12. Kh1 Nbd7 13. Qd2 Nc5 14. Nb3
Ncxe4 15. Nxe4 Nxe4 16. Bxe4 Bxe4 17. c3 Qb7 18. Rf2 Rab8 19. Kg1 Rfc8 20.
Qd4 Bd5 21. Nd2 Bh4 22. g3 Bf6 23. Qd3 Qc7 24. f5 b5 25. axb5 axb5 26. fxe6
fxe6 27. Ne4 Bxe4 28. Qxe4 Qc4 29. Qc2 d5 30. Rf4 Qc6 31. Raf1 e5 32. Rf5
d4 33. Bd2 Qe6 34. Qe4 dxc3 35. Bxc3 Rc4 36. Qe3 Re8 37. b3 Rg4 38. Bb2 Qd5
39. Qf2 h6 40. Bc1 Kh7 41. h3 Rg6 42. Qe3 Rc8 43. Bb2 Rc2 44. Bxe5 Qg2# {
White checkmated } 0-1

[Event "ICC tourney 2380 (15 3)"]
[Site "Internet Chess Club"]
[Date "2021.02.07"]
[Round "5"]
[White "hpawnbomb"]
[Black "awakeflood"]
[Result "1-0"]
[ICCResult "Black forfeits on time"]
[WhiteElo "2188"]
[BlackElo "1798"]
[Opening "French: Two knights variation"]
[ECO "C00"]
[NIC "FR.01"]
[Time "16:35:23"]
[PlyCount "83"]
[TimeControl "900+3"]

1. e4 e6 2. Nf3 d5 3. Nc3 Nf6 4. e5 Nfd7 5. d4 c5 6. Bg5 Qb6 7. dxc5 Bxc5
8. Qd2 Nc6 9. O-O-O Ncxe5 10. Nxe5 Nxe5 11. Bb5+ Bd7 12. Bxd7+ Nxd7 13.
Nxd5 exd5 14. Rhe1+ Kf8 15. Qxd5 Nf6 16. Bxf6 gxf6 17. Qh5 f5 18. Qxf5 Bd4
19. c3 Bg7 20. Rd7 Bh6+ 21. f4 Qg6 22. Qe5 Rg8 23. Rxb7 Rc8 24. Rxa7 Qe6
25. Qxe6 fxe6 26. g3 Re8 27. Rxh7 Bg7 28. Rh5 Kf7 29. Rb5 Bf6 30. a4 Rh8
31. Re2 Ra8 32. a5 Bd8 33. b4 Bf6 34. Rb7+ Kg6 35. Rxe6 Kf5 36. Re2 Bxc3
37. Rb5+ Kg4 38. Kc2 Rac8 39. Kb3 Rhd8 40. Re3 Bd2 41. Rg5+ Kh3 42. Re2 {
Black forfeits on time } 1-0